 Dungeon Crawl Stone Soup version 0.31-a0-331-geda263fcf1 (webtiles) character file.

Game seed: 7860571913545667767

3766 cforsyth the Ducker (level 9, -1/68 HPs)
             Began as a Vampire Earth Elementalist on July 20, 2023.
             Slain by a boulder beetle (20 damage)
             ... on level 9 of the Dungeon.
             The game lasted 00:12:56 (8230 turns).

cforsyth the Ducker (Vampire Earth Elementalist)    Turns: 8230, Time: 00:12:56

Health: -1/68      AC: 10    Str: 10    XL:     9   Next: 94%
Magic:  15/27      EV: 14    Int: 22    God:
Gold:   633        SH:  0    Dex: 14    Spells: 16/20 levels left

rFire   . . .        o - staff "Coecvage" {rC+ rN+ Necro Earth}
rCold   + . .        (no shield)
rNeg    + . .        y - +0 troll leather armour {Pargi}
rPois   .            h - +2 helmet
rElec   .            I - +0 cloak
rCorr   .            w - +0 pair of gloves
SInv    +            r - +0 pair of boots
Will    .....        D - amulet of Bynyix {Acrobat Rampage Str+3}
Stlth   ++           g - ring of magical power
HPRegen 1.31/turn    (no ring)
MPRegen 0.20/turn

%: acrobat, rampage
@: healing quickly
A: alive, fangs 3, see invisible, vampiric 2
a: Exsanguinate


You were on level 9 of the Dungeon.
You visited 2 branches of the dungeon, and saw 10 of its levels.
You also visited: Sewer.

You collected 633 gold pieces.

Inventory:

Armour
 a - a +0 robe
 h - a +2 helmet (worn)
 r - a +0 pair of boots (worn)
 w - a +0 pair of gloves (worn)
 y - a +0 troll leather armour (worn) {Pargi}
 I - a +0 cloak (worn)
Magical Staves
 o - the staff "Coecvage" (weapon) {rC+ rN+ Necro Earth}
   (You found it on level 3 of the Dungeon)

   [staff of death]

   Base accuracy: +5 Base damage: 5 Base attack delay: 1.2 This weapon's minimum
   attack delay (0.6) is reached at skill level 12.
   rC:        It protects you from cold.
   rN:        It protects you from negative energy.
   Necro:     It increases the power of your Necromancy spells.
   Earth:     It increases the power of your Earth spells.
   It falls into the 'Staves' category.
   It is a one-handed weapon.
Jewellery
 g - a ring of magical power (left hand)
 D - the amulet of Bynyix (around neck) {Acrobat Rampage Str+3}
   (You found it on level 5 of the Dungeon)

   [amulet of the acrobat]

   It increases your evasion while moving and waiting.
   Str:       It affects your strength (+3).
   Rampage:   It bestows one free step when moving towards enemies.
 G - a ring of wizardry
Talismans
 B - a granite talisman
Wands
 p - a wand of paralysis (3)
 A - a wand of flame (7)
 N - a wand of polymorph (1)
Scrolls
 d - 5 scrolls of teleportation {unknown}
 i - 2 scrolls of amnesia {unknown}
 j - a scroll of torment {unknown}
 l - 4 scrolls of enchant armour {unknown}
 m - 4 scrolls of acquirement {unknown}
 n - a scroll of blinking {unknown}
 q - 5 scrolls of fog {unknown}
 s - 2 scrolls of butterflies {unknown}
 t - 5 scrolls of identify {unknown}
 u - a scroll of silence {unknown}
 x - 4 scrolls of fear {unknown}
 H - 2 scrolls of immolation {unknown}
 M - a scroll of poison {unknown}
Potions
 b - 2 potions of magic
 c - a potion of mutation {unknown}
 e - 4 potions of curing {unknown}
 f - 4 potions of might {unknown}
 k - 4 potions of brilliance {unknown}
 v - 2 potions of enlightenment {unknown}
 z - 2 potions of haste {unknown}
 C - 3 potions of heal wounds {unknown}
 E - a potion of degeneration {unknown}
 F - a potion of attraction {unknown}
 J - 2 potions of lignification {unknown}
 K - a potion of invisibility {unknown}
 L - a potion of berserk rage {unknown}


   Skills:
 + Level 5.3 Fighting
 + Level 7.3 Dodging
 - Level 4.4 Stealth
 + Level 6.2 Spellcasting
 + Level 4.3 Conjurations
 - Level 2.4 Transmutations
 + Level 7.1 Earth Magic


You had 16 spell levels left.
You knew the following spells:

 Your Spells              Type           Power      Damage    Failure   Level
a - Sandblast             Erth           100%       2d20      1%          1
b - Stone Arrow           Conj/Erth      96%        3d13      3%          3

Your spell library contained the following spells:

 Spells                   Type           Power      Damage    Failure   Level
 Passwall                 Tmut/Erth      34%        N/A       2%          2
 Kiss of Death            Conj/Necr      96%        2d12      4%          1
 Dazzling Flash           Conj/Hex       32%        N/A       16%         3
 Petrify                  Tmut/Erth      41%        N/A       17%         4
 Ensorcelled Hibernation  Hex/Ice        12%        N/A       19%         2
 Confusing Touch          Hex            6%         N/A       36%         3
 Inner Flame              Hex/Fire       6%         N/A       36%         3
 Summon Guardian Golem    Hex/Summ       6%         N/A       36%         3
 Volatile Blastmotes      Fire/Tloc      12%        2d11      36%         3
 Flame Wave               Conj/Fire      16%        2d7       45%         4
 Sticky Flame             Conj/Fire      16%        2d4       45%         4
 Anguish                  Hex/Necr       5%         N/A       77%         4
 Dispel Undead            Necr           10%        3d9       77%         4
 Starburst                Conj/Fire      8%         6d4       100%        6
 Orb of Destruction       Conj           13%        9d7       100%        7
 Spellforged Servitor     Conj/Summ      8%         N/A       100%        7
 Maxwell's Capacitive Co  Air            3%         ∞         100%        8


Dungeon Overview and Level Annotations

Branches:
Dungeon (9/15)             Temple (1/1) D:4           Sewer (visited)
   Lair: D:8-11         Orc: D:9-12

Altars:
Ashenzari
Dithmenos
Fedhas
Gozag
Hepliaklqana
Kikubaaqudgha
Makhleb
Nemelex Xobeh
Okawaru
Qazlal
Ru
Sif Muna
Trog
Wu Jian
Xom
Yredelemnul


Innate Abilities, Weirdness & Mutations

Your natural rate of healing is accelerated.
You have razor-sharp teeth.
You have supernaturally acute eyesight. (SInv)
You are afflicted with vampirism and can become a bat while bloodless.


Message History

Confirm with . or Enter, or press ? or * to list all spells.
You can't see any susceptible monsters within range! (Use Z to cast anyway.)
Casting: Sandblast (safe; 1% risk of failure)
Confirm with . or Enter, or press ? or * to list all spells.
Aiming: Stone Arrow (dangerous; 3% risk of failure)
Press: ? - help, Shift-Dir - straight line, f - boulder beetle
Aim: a boulder beetle (rolling, 100% to hit)
You feel a surge of power!
The stone arrow hits the boulder beetle but does no damage.
Casting: Stone Arrow (dangerous; 3% risk of failure)
Confirm with . or Enter, or press ? or * to list all spells.
Aiming: Stone Arrow (dangerous; 3% risk of failure)
Press: ? - help, Shift-Dir - straight line, f/p - boulder beetle
Aim: a boulder beetle (rolling, 100% to hit)
You feel a surge of power!
The stone arrow hits the boulder beetle!
The boulder beetle is lightly wounded.
The boulder beetle hits you!!
Ouch! That really hurt!
The boulder beetle stops rolling and uncurls.
Casting: Stone Arrow (dangerous; 3% risk of failure)
Confirm with . or Enter, or press ? or * to list all spells.
Aiming: Stone Arrow (dangerous; 3% risk of failure)
Press: ? - help, Shift-Dir - straight line, f/p - boulder beetle
Aim: a boulder beetle (lightly wounded, 100% to hit)
You feel a surge of power!
The stone arrow hits the boulder beetle but does no damage.
The boulder beetle is lightly wounded.
The boulder beetle bites you!
* * * LOW HITPOINT WARNING * * *
Casting: Stone Arrow (dangerous; 3% risk of failure)
Confirm with . or Enter, or press ? or * to list all spells.
Aiming: Stone Arrow (dangerous; 3% risk of failure)
Press: ? - help, Shift-Dir - straight line, f/p - boulder beetle
Aim: a boulder beetle (lightly wounded, 100% to hit)
You feel a surge of power!
The stone arrow hits the boulder beetle!!
The boulder beetle is moderately wounded.
The boulder beetle bites you!!
You die...

#####.. .......
.......#########.
..................
..................
..................
..................
.......@.........
.......B......#
##+###........#
#........#
#........#
##'##....#
....#....#
......#....#
........#......


You could see a boulder beetle.

Vanquished Creatures
  Pikel (D:5)
  Maggie (D:8)
  Grinder (D:3)
  Prince Ribbit (D:7)
  Pargi (Sewer)
  2 orc warriors
  A sky beast (D:6)
  2 black bears
  2 lemures
  A phantom (D:5)
  2 centaurs
  A kobold brigand (D:6)
  A bullfrog (D:7)
  6 scorpions
  9 wights
  3 killer bees (D:7)
  2 quasits (D:6)
  A hound (D:7)
  2 orc priests
  2 iguanas
  7 orc wizards
  4 gnolls
  11 adders
  A shadow imp (D:7)
  9 white imps
  7 ufetubi
  2 worms
  5 dart slugs
  22 orcs
  8 ball pythons
  7 endoplasms
  5 giant cockroaches
  5 hobgoblins
  5 jackals
  5 quokkas
  10 bats
  4 frilled lizards
  4 goblins
  12 kobolds
  5 rats
180 creatures vanquished.

Notes
Turn   | Place    | Note
-------+----------+-------------------------------------------
     0 | D:1      | cforsyth the Vampire Earth Elementalist began the quest for
                  | the Orb.
     0 | D:1      | Reached XP level 1. HP: 13/13 MP: 3/3
   461 | D:1      | Reached XP level 2. HP: 19/19 MP: 0/5
   666 | D:1      | Gained mutation: You are afflicted with vampirism and can
                  | become a bat while bloodless. [Vampire growth]
   666 | D:1      | Reached XP level 3. HP: 24/24 MP: 4/6
  1874 | D:2      | Reached XP level 4. HP: 23/30 MP: 1/7
  2514 | D:3      | Found a faded altar of an unknown god.
  2515 | D:3      | Noticed Grinder
  2518 | D:3      | Paralysed by Grinder for 2 turns
  2696 | D:3      | Identified the staff "Coecvage" {rC+ rN+ Necro Earth}
  2786 | D:3      | Learned a level 3 spell: Stone Arrow
  2963 | D:3      | Reached XP level 5. HP: 35/35 MP: 9/9
  3169 | D:3      | Killed Grinder
  3170 | D:3      | Reached skill level 1 in Fighting
  3170 | D:3      | Reached skill level 1 in Conjurations
  3170 | D:3      | Reached XP level 6. HP: 32/43 MP: 11/11
  3642 | D:4      | Found a staircase to the Ecumenical Temple.
  3658 | Temple   | Entered the Ecumenical Temple
  4060 | D:4      | Reached XP level 7. HP: 50/50 MP: 12/12
  4415 | D:5      | Entered Level 5 of the Dungeon
  4592 | D:5      | Found a glowing drain.
  4605 | Sewer    | Entered a sewer
  4670 | Sewer    | Noticed Pargi
  4678 | Sewer    | Killed Pargi
  4983 | D:5      | Identified the amulet of Bynyix {Acrobat Rampage Str+3}
  4989 | D:5      | Reached skill level 5 in Earth Magic
  5212 | D:5      | Reached XP level 8. HP: 57/57 MP: 14/14
  5478 | D:5      | Reached skill level 5 in Dodging
  6019 | D:6      | Noticed Pikel
  6082 | D:5      | Killed Pikel
  6083 | D:5      | Reached skill level 5 in Spellcasting
  6301 | D:6      | Reached XP level 9. HP: 52/65 MP: 16/16
  6865 | D:7      | Noticed Prince Ribbit
  6874 | D:7      | Killed Prince Ribbit
  7059 | D:7      | Found a shimmering altar of Xom.
  7231 | D:7      | Found a broken altar of Ashenzari.
  7318 | D:7      | Reached skill level 5 in Fighting
  7711 | D:8      | Noticed Maggie
  7725 | D:8      | Killed Maggie
  8134 | D:8      | Found a bloodstained altar of Trog.
  8211 | D:9      | Noticed a boulder beetle
  8230 | D:9      | Slain by a boulder beetle

Illustrated notes

Levels and vault maps discovered:
D:1:      elethiomel_arrival_shortcut, layout_loops_corners,
          serial_co_window_serial, co_window_corner_a, co_window_corner_a,
          co_window_paths_a, co_window_of_opportunity_a, co_window_paths_b,
          co_window_paths_b, co_window_cross_1, co_window_unsneaky_path_b,
          co_window_corner_b, co_window_broadway_a, co_window_paths_d,
          glass_columns_a, glass_columns_a, glass_columns_a,
          nicolae_grassy_gnolls
D:2:      layout_loops_cross, chequers_mini_garden
D:3:      layout_basic, nicolae_ecumenical_pavilion, kennysheep_generic_room_14,
          uniq_grinder
D:4:      layout_gridville, minmay_temple_entry_glass,
          chequers_serial_rivers_micro_a
D:5:      layout_gridville, portal_sewer_entry_a, minmay_gold_behind_fungi
D:6:      layout_basic, serial_demonic, serial_demonic_e, serial_demonic_d,
          serial_demonic_e, serial_demonic_b, serial_demonic_d,
          serial_demonic_a, serial_demonic_a, serial_demonic_a, uniq_pikel
D:7:      layout_rooms, mainiacjoe_overflow_alcove_1, mainiacjoe_overflow_swirl,
          uniq_prince_ribbit1
D:8:      layout_basic, mainiacjoe_overflow_alcove_2, uniq_maggie
D:9:      layout_irregular_city, nicolae_elyvilon_peaceful_grove,
          vehumet_crystals, david_lair_generic, minmay_circle_x
Temple:   hellmonk_temple_forest_ring

Skill      XL: |  1  2  3  4  5  6  7  8  9 |
---------------+----------------------------+-----
Transmutations | 2 |  2.4
Stealth        | 4 |  4.4
Dodging        | 3 4 6 7 |  7.3
Spellcasting   | 3 4 5 6 |  6.2
Fighting       | 1 2 4 5 |  5.3
Conjurations   | 1 2 3 4 |  4.3
Earth Magic    | 4 5 6 7 |  7.1

Action                     |  1- 3 |  4- 6 |  7- 9 || total
---------------------------+-------+-------+-------++-------
  Melee: Unarmed           |    15 |       |       ||    15
         Bite              |     1 |       |       ||     1
         Staff             |       |       |     8 ||     8
   Cast: Sandblast         |    62 |    66 |   157 ||   285
         Stone Arrow       |       |     3 |    17 ||    20
 Armour: Robe              |     9 |     8 |    20 ||    37
         Troll leather arm |       |       |     3 ||     3
  Dodge: Dodged            |    24 |    22 |    80 ||   126

Table legend: (Time is in decaauts)
 A = Elapsed time spent in this place.
 B = Non-inter-level travel time spent in this place.
 C = Inter-level travel time spent in this place.
 D = Time resting spent in this place.
 E = Time spent auto-exploring this place.
 F = Levels seen in this place.
 G = Mean time per level.
                   A        B        C        D        E       F      G
               +--------+--------+--------+--------+--------+-----+--------+
         Total |   8392 |   8043 |    349 |    412 |   6207 |  11 |  762.9 |
       Dungeon |   8157 |   7809 |    348 |    412 |   6052 |   9 |  906.3 |
        Temple |      1 |      0 |      1 |      0 |      0 |   1 |    1.0 |
         Sewer |    232 |    232 |      0 |      0 |    154 |   1 |  232.0 |
               +--------+--------+--------+--------+--------+-----+--------+

Top non-repeatable levels by time:
     D:1: 1547 daAuts
     D:5: 1284 daAuts
     D:2: 1081 daAuts
     D:3: 964 daAuts
     D:4: 884 daAuts
     D:6: 882 daAuts
     D:8: 822 daAuts
     D:7: 662 daAuts
   Sewer: 232 daAuts
     D:9: 27 daAuts
  Temple: 1 daAuts
